[Event "72nd RUS-ch Higher League 2019"]
[Site "Yaroslavl"]
[Date "2019.07.06"]
[Round "9.26"]
[White "Drygalov, Sergey"]
[Black "Mirzaev, Aziz"]
[Result "1-0"]
[ECO "A05"]
[WhiteElo "2492"]
[BlackElo "2433"]
[Annotator "ChessBase"]
[PlyCount "81"]
[EventDate "2019.06.27"]
[EventType "swiss"]
[EventCountry "RUS"]
[SourceTitle "playchess.com"]
[Source "ChessBase"]
[SourceQuality "1"]
[TimeControl "40/5400+30:1800+30"]

1. Nf3 Nf6 2. c4 g6 3. Nc3 d5 4. cxd5 Nxd5 5. Qb3 Nb6 6. d4 Bg7 7. Bf4 Be6 8. Qa3 O-O 9. e3 Nc6 10. Be2 a5 11. Qc5 a4 12. Nb5 Nd5 13. Bg3 Ra5 14. Qc1 Bg4 15. Na3 Nb6 16. h3 Bf5 17. Nb5 Qd7 18. O-O Nb4 19. Na3 Nc6 20. Rd1 Rc8 21. Qc3 Raa8 22. Qd2 Na5 23. Ne5 Qe8 24. Rac1 Be6 25. Rc5 Bxe5 26. Bxe5 Nc6 27. Bg3 Bxa2 28. d5 Nd7 29. Rcc1 Na5 30. Rxc7 Rxc7 31. Bxc7 Nb3 32. Qb4 Nbc5 33. Bg3 Bb3 34. Rc1 Rc8 35. Nb5 Qf8 36. d6 Na6 37. Rxc8 Qxc8 38. Qd4 exd6 39. Nxd6 Qc2 40. Ne8 Qc1+ 41. Kh2 1-0

[Event "72nd RUS-ch Higher League 2019"]
[Site "Yaroslavl"]
[Date "2019.07.06"]
[Round "9.27"]
[White "Kanter, Eduard"]
[Black "Shimanov, Aleksandr"]
[Result "1/2-1/2"]
[ECO "D20"]
[WhiteElo "2392"]
[BlackElo "2615"]
[Annotator "RC"]
[PlyCount "80"]
[EventDate "2019.06.27"]
[EventType "swiss"]
[EventCountry "RUS"]
[SourceTitle "playchess.com"]
[Source "ChessBase"]
[SourceQuality "1"]
[TimeControl "40/5400+30:1800+30"]

1. d4 d5 2. c4 dxc4 3. e3 e5 4. Bxc4 exd4 5. exd4 Bd6 6. Nf3 Nf6 7. O-O O-O 8. Nc3 Nc6 9. h3 h6 10. Re1 Bf5 11. Ne5 Bxe5 12. dxe5 Nd7 13. Qh5 Bh7 14. Bxh6 Ndxe5 15. Rxe5 Nxe5 16. Qxe5 gxh6 17. Nd5 Bg6 18. Nf6+ Kh8 19. Qc3 c5 20. Nd7+ f6 21. Nxf8 Qxf8 22. Re1 Rd8 23. Qf3 Rd7 24. Qg4 Qg7 25. b3 Kh7 26. Re3 Re7 27. Rg3 f5 28. Qf4 Qe5 29. Qxe5 Rxe5 30. Rd3 Re7 31. f4 Kg7 32. Kf2 b6 33. Rd6 Be8 34. Be6 Bg6 35. Kf3 Rc7 36. g4 fxg4+ 37. hxg4 b5 38. f5 Be8 39. Rd8 Bf7 40. Bxf7 Kxf7 1/2-1/2

[Event "72nd RUS-ch Higher League 2019"]
[Site "Yaroslavl"]
[Date "2019.07.06"]
[Round "9.28"]
[White "Ibadov, Dashgyn"]
[Black "Bykov, Oleg"]
[Result "1-0"]
[ECO "B33"]
[WhiteElo "2298"]
[BlackElo "2401"]
[Annotator "NA"]
[PlyCount "115"]
[EventDate "2019.06.27"]
[EventType "swiss"]
[EventCountry "RUS"]
[SourceTitle "playchess.com"]
[Source "ChessBase"]
[SourceQuality "1"]
[TimeControl "40/5400+30:1800+30"]

1. e4 c5 2. Nf3 Nc6 3. d4 cxd4 4. Nxd4 Nf6 5. Nc3 e5 6. Ndb5 d6 7. Bg5 a6 8. Na3 b5 9. Nd5 Be7 10. Bxf6 Bxf6 11. c4 b4 12. Nc2 Rb8 13. b3 O-O 14. g3 Be6 15. Bg2 Be7 16. O-O Qd7 17. Qd3 Bd8 18. Rad1 Qa7 19. Kh1 a5 20. f4 exf4 21. gxf4 Ne7 22. f5 Bxd5 23. exd5 Kh8 24. f6 gxf6 25. Nd4 Bb6 26. Nb5 Qd7 27. Rxf6 Bc5 28. Bh3 Qd8 29. Rdf1 Ng6 30. Nd4 Ra8 31. Ne2 a4 32. Ng3 axb3 33. axb3 Ra1 34. Rxf7 Rxf7 35. Rxa1 Nf4 36. Qf3 Bd4 37. Re1 Rf8 38. Bf5 Qg5 39. Rf1 Be5 40. Qg4 Qxg4 41. Bxg4 Ra8 42. Ne4 h5 43. Bf3 Ra2 44. c5 dxc5 45. d6 Ne6 46. d7 Rxh2+ 47. Kg1 Rb2 48. Ng5 Nd8 49. Bd5 Bd4+ 50. Kh1 Rf2 51. Re1 Kg7 52. Ne6+ Nxe6 53. Rxe6 Rf8 54. Re7+ Kh6 55. Re8 Rf1+ 56. Kg2 Rf2+ 57. Kh3 Bf6 58. Re6 1-0

[Event "72nd RUS-ch Higher League 2019"]
[Site "Yaroslavl"]
[Date "2019.07.06"]
[Round "9.29"]
[White "Samojlov, Anton"]
[Black "Lesovoi, Evgenij"]
[Result "1/2-1/2"]
[ECO "E21"]
[WhiteElo "2350"]
[BlackElo "2366"]
[Annotator "NA"]
[PlyCount "99"]
[EventDate "2019.06.27"]
[EventType "swiss"]
[EventCountry "RUS"]
[SourceTitle "playchess.com"]
[Source "ChessBase"]
[SourceQuality "1"]
[TimeControl "40/5400+30:1800+30"]

1. d4 Nf6 2. c4 e6 3. Nf3 b6 4. Nc3 Bb7 5. Qc2 c5 6. dxc5 Bxc5 7. Bg5 Nc6 8. e3 h6 9. Bh4 O-O 10. Rd1 Be7 11. Be2 Rc8 12. O-O Na5 13. Rd4 d5 14. Rfd1 Qe8 15. Ne5 dxc4 16. Nxc4 Nxc4 17. Rxc4 Rxc4 18. Bxc4 Qc6 19. Bf1 b5 20. Qb3 a6 21. a4 b4 22. Ne2 Qb6 23. Rc1 e5 24. Ng3 g6 25. Bc4 Kg7 26. Bxf6+ Bxf6 27. Bd5 Bxd5 28. Qxd5 Rd8 29. Qc4 Be7 30. b3 Qd6 31. h3 a5 32. Nf1 Qd5 33. Qc7 Bf6 34. Rc4 Rd7 35. Qc8 Qd3 36. Rc6 Rd8 37. Qc7 Qf5 38. e4 Qf4 39. Qxa5 Rd4 40. Rc4 Rxc4 41. bxc4 Be7 42. Qc7 b3 43. Qb6 Bc5 44. Qxc5 b2 45. Qb5 Qc1 46. Qxe5+ Kh7 47. Qf6 b1=Q 48. Qxf7+ Kh8 49. Qf8+ Kh7 50. Qf7+ 1/2-1/2